 Dungeon Crawl Stone Soup version 0.30-a0-371-gad7725a93e (webtiles) character file.

Game seed: 12525346170421825629

3798 ryw the Caller (level 9, 0/69 HPs)
             Began as a Demonspawn Summoner on Nov 23, 2022.
             Was an Initiate of Hepliaklqana.
             Succumbed to a killer bee's poison
             ... on level 7 of the Dungeon.
             The game lasted 00:26:24 (7732 turns).

ryw the Caller (Demonspawn Summoner)                Turns: 7732, Time: 00:26:25

Health: 0/69       AC:  6    Str:  9    XL:     9   Next: 96%
Magic:  2/17       EV: 14    Int: 20    God:    Hepliaklqana [......]
Gold:   469        SH:  4    Dex: 14    Spells: 7/19 levels left

rFire   . . .      SeeInvis .    s - +3 scimitar (vorpal)
rCold   . . .      Faith    .    (no shield)
rNeg    . . .      Spirit   .    c - +1 robe {Will+}
rPois   .          Reflect  .    (no helmet)
rElec   .          Harm     .    t - scarf {repulsion}
rCorr   .          Rampage  .    (no gloves)
Will    ++...                    n - +0 pair of boots
Stlth   ++........               (no amulet)
HPRegen 0.31/turn                l - ring of willpower
MPRegen 0.15/turn                (no ring)

@: brilliant, lethally poisoned (0 -> -5), repel missiles
A: thin metallic scales 1, powered by pain 1, condensation shield, demonic touch
1
a: Renounce Religion


You were on level 7 of the Dungeon.
You worshipped Hepliaklqana.
Hepliaklqana was noncommittal.
You visited 2 branches of the dungeon, and saw 8 of its levels.

You collected 469 gold pieces.

Inventory:

Hand Weapons
 s - a +3 vorpal scimitar (weapon)
Armour
 c - a +1 robe of willpower (worn)
 n - a +0 pair of boots (worn)
 t - a scarf of repulsion (worn)
Jewellery
 l - a ring of willpower (left hand)
Wands
 r - a wand of flame (21)
 C - a wand of acid (3)
Scrolls
 i - 3 scrolls of teleportation
 q - a scroll of summoning
 x - 2 scrolls of blinking
 y - 2 scrolls of enchant weapon
Potions
 b - a potion of magic
 d - 2 potions of mutation
 e - a potion of cancellation
 f - a potion of invisibility
 g - 2 potions of attraction
 m - 2 potions of resistance
 w - a potion of might
 B - a potion of ambrosia {unknown}


   Skills:
 + Level 5.8 Fighting
 + Level 0.3 Long Blades
 - Level 3.6 Axes
 + Level 5.9 Dodging
 - Level 2.2 Stealth
 + Level 5.9 Spellcasting
 + Level 3.8 Hexes
 + Level 7.3 Summonings
 + Level 3.5 Air Magic


You had 7 spell levels left.
You knew the following spells:

 Your Spells              Type           Power      Damage    Failure   Level
a - Call Canine Familiar  Summ           52%        N/A       1%          3
b - Call Imp              Summ           52%        N/A       1%          2
c - Summon Guardian Gole  Hex/Summ       42%        N/A       3%          3
d - Summon Lightning Spi  Summ/Air       41%        N/A       11%         4

Your spell library contained the following spells:

 Spells                   Type           Power      Damage    Failure   Level
 Summon Small Mammal      Summ           100%       N/A       1%          1
 Slow                     Hex            100%       N/A       2%          1
 Confusing Touch          Hex            32%        N/A       6%          3
 Magic Dart               Conj           32%        1d4       11%         1
 Mephitic Cloud           Conj/Pois/Air  15%        N/A       21%         3
 Ignite Poison            Fire/Tmut/Pois 8%         N/A       32%         3
 Vampiric Draining        Necr           8%         2d6       32%         3
 Sticky Flame             Conj/Fire      8%         2d3       71%         4
 Ignition                 Fire           4%         3d4       100%        8


Dungeon Overview and Level Annotations

Branches:
Dungeon (7/15)             Temple (1/1) D:7

Altars:
Ashenzari
Cheibriados
Dithmenos
Fedhas
Gozag
Hepliaklqana
Makhleb
Okawaru
Ru
Vehumet
Wu Jian
Yredelemnul

Shops:
D:1 :   D:6 !

Annotations:
Temple 2 transporters


Innate Abilities, Weirdness & Mutations

You are partially covered in thin metallic scales. (AC +2)
You sometimes gain a little power by taking damage.
A meltable shield of frost defends you. (SH +4)
Your touch may inflict minor irresistible damage on your foes.


Message History

The killer bee misses you.
Your hound bites the killer bee.
The killer bee misses you. The killer bee stings you.
Your hound bites the killer bee but does no damage.
You slash the killer bee!
You touch the killer bee.
You kill the killer bee!
You feel very sick.
The killer bee stings you but does no damage.
The killer bee closely misses you.
Your hound bites the killer bee.
The killer bee stings you!
* * * LOW HITPOINT WARNING * * *
You closely miss the killer bee.
The killer bee is heavily wounded.
You feel sick. The killer bee barely misses you.
Your hound completely misses the killer bee.
The killer bee stings you but does no damage.
Your hound misses the killer bee. The killer bee stings you!
* * * LOW HITPOINT WARNING * * *
You are lethally poisoned!
The killer bee poisons you!
You feel better.
Your hound looks more healthy.
The killer bee stings you!
* * * LOW HITPOINT WARNING * * *
Your hound barely misses the killer bee.
The killer bee stings you.
* * * LOW HITPOINT WARNING * * *
You are lethally poisoned!
The killer bee poisons you!
Your hound bites the killer bee.
You closely miss the killer bee.
The killer bee is almost dead.
* * * LOW HITPOINT WARNING * * *
You feel very sick.
The killer bee stings you but does no damage.
Your hound bites the killer bee but does no damage.
The killer bee barely misses you.
Your hound bites the killer bee.
The killer bee dies!
Unknown command.
It was a potion of brilliance.
You feel clever all of a sudden.
You die...

....yy##.......#####
≈≈≈≈y§#..#..........
.#########y§##..........
.........y8☼##....[.....
...........$##..........
........################
........# ......h.#
.......@# #########


You could see a friendly hound (summoned).

Vanquished Creatures
  A steam dragon (D:6)
  A water moccasin (D:5)
  4 black bears
  An orc warrior (D:7)
  2 phantoms
  A wight (D:5)
  3 killer bees (D:7)
  A hound (D:6)
  3 iguanas
  An orc wizard (D:7)
  3 adders
  An ufetubus (D:6)
  A worm (D:2)
  3 dart slugs
  3 orcs
  5 endoplasms
  2 giant cockroaches
  7 goblins (D:3)
  6 hobgoblins
  A jackal (D:2)
  7 kobolds
  3 ball pythons
  3 bats (D:2)
  3 frilled lizards (D:2)
  A rat (D:2)
67 creatures vanquished.

Vanquished Creatures (collateral kills)
  Grinder (D:4)
  A wyvern (D:6)
  3 ogres
  A centaur (D:4)
  2 phantoms
  2 scorpions (D:5)
  A necrophage (D:5)
  A wight (D:5)
  2 killer bees (D:7)
  2 orc priests
  A gnoll bouda (D:7)
  2 hounds
  2 iguanas
  An orc wizard (D:4)
  Robin (D:3)
  6 gnolls
  2 adders
  A white imp (D:6)
  An ufetubus (D:6)
  A worm (D:3)
  5 orcs
  A ball python (D:4)
  4 endoplasms
  4 goblins
  4 hobgoblins
  A jackal (D:2)
  5 kobolds
  A quokka (D:2)
  3 frilled lizards
  A rat (D:1)
63 creatures vanquished.

Vanquished Creatures (others)
  A two-headed ogre (D:5)
  A steam dragon (D:6)
  An ogre (D:6)
  3 wights (D:5)
  A killer bee (D:7)
  2 orc wizards (D:5)
  A gnoll (D:7)
  10 plants (D:5)
20 creatures vanquished.

Grand Total: 150 creatures vanquished

Notes
Turn   | Place    | Note
-------+----------+-------------------------------------------
     0 | D:1      | ryw the Demonspawn Summoner began the quest for the Orb.
     0 | D:1      | Reached XP level 1. HP: 13/13 MP: 3/3
   151 | D:1      | Found Junees's Vocational Training.
   254 | D:1      | Gained mutation: You sometimes gain a little power by
                  | taking damage. [demonic ancestry]
   254 | D:1      | Reached XP level 2. HP: 10/19 MP: 3/5
   321 | D:1      | Learned a level 2 spell: Call Imp
  1246 | D:2      | Reached XP level 3. HP: 24/24 MP: 2/6
  1315 | D:2      | Learned a level 3 spell: Call Canine Familiar
  1956 | D:2      | Found a faded altar of an unknown god.
  2322 | D:3      | Gained mutation: A meltable shield of frost defends you.
                  | (SH +4) [demonic ancestry]
  2322 | D:3      | Reached XP level 4. HP: 21/31 MP: 1/8
  2459 | D:3      | Noticed a phantom
  2474 | D:3      | Killed a phantom
  2475 | D:3      | Reached skill level 1 in Fighting
  2475 | D:3      | Gained mutation: Your touch may inflict minor irresistible
                  | damage on your foes. [demonic ancestry]
  2475 | D:3      | Reached XP level 5. HP: 35/37 MP: 2/9
  2598 | D:3      | Noticed Robin
  2606 | D:3      | Killed Robin
  3038 | D:4      | Noticed a phantom
  3055 | D:4      | Killed a phantom
  3056 | D:4      | Reached skill level 5 in Summonings
  3056 | D:4      | Reached XP level 6. HP: 44/44 MP: 7/11
  3103 | D:4      | Found a sacrificial altar of Ru.
  3391 | D:4      | Noticed Grinder
  3520 | D:3      | Learned a level 3 spell: Summon Guardian Golem
  3616 | D:4      | Gained mutation: You are partially covered in thin metallic
                  | scales. (AC +2) [demonic ancestry]
  3616 | D:4      | Reached XP level 7. HP: 24/52 MP: 5/12
  3843 | D:4      | Found a shadowy altar of Dithmenos.
  4218 | D:5      | Entered Level 5 of the Dungeon
  4302 | D:4      | Killed Grinder
  4303 | D:4      | Reached skill level 1 in Axes
  4444 | D:5      | Found a burning altar of Makhleb.
  4517 | D:5      | Reached skill level 6 in Summonings
  4517 | D:5      | Reached XP level 8. HP: 60/60 MP: 9/14
  4683 | D:5      | Learned a level 4 spell: Summon Lightning Spire
  4889 | D:5      | Noticed a two-headed ogre
  4974 | D:5      | HP: 1/60 [two-headed ogre/+0 giant club (18)]
  5180 | D:5      | Reached skill level 1 in Hexes
  5180 | D:5      | Reached skill level 1 in Air Magic
  5636 | D:5      | Killed a two-headed ogre
  5637 | D:5      | Reached skill level 5 in Dodging
  5637 | D:5      | Reached skill level 5 in Spellcasting
  5637 | D:5      | Reached XP level 9. HP: 67/67 MP: 2/16
  5810 | D:5      | Reached skill level 5 in Fighting
  5988 | D:6      | Found Immufuat's Distillery.
  6165 | D:6      | Found an iron altar of Okawaru.
  6472 | D:6      | Reached skill level 7 in Summonings
  7572 | D:7      | Found a staircase to the Ecumenical Temple.
  7596 | D:7      | Found a broken altar of Ashenzari.
  7606 | Temple   | Entered the Ecumenical Temple
  7606 | Temple   | Found a transporter.
  7606 | Temple   | Found a transporter.
  7608 | Temple   | Found a transporter.
  7608 | Temple   | Found a transporter.
  7629 | Temple   | Became a worshipper of Hepliaklqana the Forgotten
  7731 | D:7      | HP: 2/69 [poisoned by a killer bee]
  7732 | D:7      | Succumbed to a killer bee's poison

Illustrated notes

Levels and vault maps discovered:
D:1:      heliophobic_arrival_glass_houses, layout_basic,
          nicolae_shop_vocational
D:2:      layout_basic, hellmonk_ecumenical_altar_inner_sanctum, st_stairs_12,
          minmay_hexomino_p4
D:3:      layout_rooms, uniq_robin
D:4:      layout_basic, nicolae_ru_sacrificial_ziggurat,
          grunt_dithmenos_smoke_and_mirrors, kennysheep_generic_room_15,
          uniq_grinder
D:5:      minmay_general_purpose_star, layout_basic, bloody_makhleb,
          serial_bayou_crossing
D:6:      layout_gridville, okawaru_trees_1, tso_metal_star,
          nicolae_take_the_stairs
D:7:      layout_rooms, ashenzari_altar_1, mainiacjoe_overflow_paths,
          minmay_temple_entry_mini_moons
Temple:   hellmonk_temple_divided_pantheon

Skill      XL: |  1  2  3  4  5  6  7  8  9 |
---------------+----------------------------+-----
Stealth        | 2 |  2.2
Dodging        | 2 3 4 5 |  5.9
Fighting       | 1 2 3 4 5 |  5.8
Spellcasting   | 3 4 5 |  5.9
Summonings     | 5 6 7 |  7.3
Axes           | 1 2 3 |  3.6
Hexes          | 2 3 |  3.8
Air Magic      | 2 3 |  3.5
Long Blades    | |  0.3

Action                   |  1- 3 |  4- 6 |  7- 9 || total
-------------------------+-------+-------+-------++-------
Melee: Spear             |    78 |       |       ||    78
       Punch             |     1 |     1 |       ||     2
       Whip              |    39 |    22 |       ||    61
       Touch             |       |     3 |    20 ||    23
       Club              |       |    12 |    13 ||    25
       Broad axe         |       |       |    24 ||    24
       Scimitar          |       |       |    46 ||    46
 Cast: Summon Small Mamm |    20 |     5 |       ||    25
       Call Imp          |    19 |     8 |    18 ||    45
       Call Canine Famil |     4 |    14 |    34 ||    52
       Summon Guardian G |       |       |    19 ||    19
       Summon Lightning  |       |       |     9 ||     9
  Use: Scroll            |     7 |     1 |    10 ||    18
       Potion            |       |     2 |     2 ||     4
 Stab: Sleeping          |     9 |       |       ||     9
       Distracted        |       |       |     3 ||     3
Armor: Robe              |     7 |     5 |    39 ||    51
Dodge: Dodged            |    67 |    20 |    94 ||   181
Block: Other             |       |     3 |    22 ||    25

Table legend: (Time is in decaauts)
 A = Elapsed time spent in this place.
 B = Non-inter-level travel time spent in this place.
 C = Inter-level travel time spent in this place.
 D = Time resting spent in this place.
 E = Time spent auto-exploring this place.
 F = Levels seen in this place.
 G = Mean time per level.
                   A        B        C        D        E       F      G
               +--------+--------+--------+--------+--------+-----+--------+
         Total |   7808 |   7481 |    327 |    902 |   4930 |   8 |  976.0 |
       Dungeon |   7772 |   7445 |    327 |    902 |   4923 |   7 | 1110.3 |
        Temple |     36 |     36 |      0 |      0 |      7 |   1 |   36.0 |
               +--------+--------+--------+--------+--------+-----+--------+

Top non-repeatable levels by time:
     D:4: 1555 daAuts
     D:5: 1472 daAuts
     D:6: 1406 daAuts
     D:2: 1361 daAuts
     D:1: 906 daAuts
     D:3: 737 daAuts
     D:7: 332 daAuts
  Temple: 36 daAuts
